AoeStats
← Blyad _Mann

Black Forest

510152544Analyzed
4v4 RM · 2d ago on Sep 29, 2026· 64m 46s· 8 players
Game mode
Random Map
Map size
Large (8 player)
Population
200
Speed
Normal
Resources
Standard
Victory
Conquest
Starting age
Dark Age
Ending age
Imperial Age
RankedLock teamsTeams togetherTeam positionsShared explorationLock speedFull tech treeHidden civsTurbo modeCheats
Victory
Defeat
🇫🇷 Khmer · France
1004
+15
🇭🇰 Georgians · Hong Kong SAR China
979
+16
🇳🇱 Varangians · Netherlands
957
+17
🇫🇷 Franks · France
956
+49
🇮🇪 Ethiopians · Ireland
1017
-18
🇺🇸 Franks · United States
1010
-17
🇺🇸 Persians · United States
951
-15
🇲🇽 Celts · Mexico
942
-15
WyZeR
0:27 Loom
15:24 Feudal Age
18:21 Castle Age
16:15 Horse Collar
17:20 Double-Bit Axe
17:28 Stone Mining
17:32 Gold Mining
19:24 Town Watch
20:15 Wheelbarrow
25:26 Hand Cart
26:53 Bow Saw
26:48 Heavy Plow
30:19 Gold Shaft Mining
33:40 Imperial Age
32:06 Fletching
32:22 Scale Barding Armor
32:19 Scale Mail Armor
34:21 Double Crossbow
34:45 Bodkin Arrow
35:01 Forging
34:55 Padded Archer Armor
35:16 Chain Barding Armor
35:15 Elite Ballista Elephant
39:44 Crop Rotation
40:21 Bracer
40:37 Leather Archer Armor
40:58 Plate Barding Armor
43:02 Onager
45:15 Chemistry
52:12 Ring Archer Armor
52:07 Ballistics
52:16 Conscription
60:47 Man-at-Arms
60:51 Pikeman
61:57 Halberdier
62:54 Forging
63:00 Chain Mail Armor
Blyad _Mann
0:28 Loom
14:20 Feudal Age
14:46 Double-Bit Axe
15:32 Fishing Lines
18:35 Castle Age
17:11 Stone Mining
19:38 Bow Saw
21:39 Wheelbarrow
21:54 Gillnets
23:31 Gold Mining
26:12 Hand Cart
32:21 Imperial Age
30:38 Stone Shaft Mining
31:07 Forging
30:57 Scale Mail Armor
32:33 Gambesons
32:48 Squires
32:33 Arson
33:28 Iron Casting
33:08 Chain Mail Armor
34:10 Two-Man Saw
32:42 Gothikon
33:42 Conscription
32:43 Vendel Legacy
32:47 Elite Varangian Guard
35:13 Bloodlines
34:23 Cavalier
35:26 Guilds
36:32 Husbandry
38:03 Blast Furnace
37:33 Plate Mail Armor
37:37 Scale Barding Armor
37:30 Light Cavalry
44:01 Pikeman
45:07 Chain Barding Armor
44:54 Halberdier
48:27 Hussar
50:57 Caravan
Zouki
10:36 Loom
12:45 Feudal Age
13:12 Double-Bit Axe
14:05 Wheelbarrow
19:37 Castle Age
20:43 Bow Saw
20:53 Hand Cart
26:14 Scale Barding Armor
26:19 Forging
26:06 Gold Mining
26:06 Stone Mining
30:58 Imperial Age
29:57 Chain Barding Armor
30:13 Iron Casting
30:43 Caravan
31:12 Town Watch
31:58 Town Patrol
32:36 Plate Barding Armor
33:02 Blast Furnace
32:11 Scale Mail Armor
32:56 Gold Shaft Mining
32:58 Cavalier
33:39 Husbandry
35:01 Elite Throwing Axeman
36:53 Paladin
38:29 Chain Mail Armor
39:22 Chivalry
45:41 Onager
47:04 Pikeman
47:45 Squires
47:30 Gambesons
48:19 Plate Mail Armor
48:14 Halberdier
60:29 Crossbowman
60:29 Elite Skirmisher
60:29 Heavy Mounted Crossbowman
60:30 Cranequins
60:35 Light Cavalry
61:02 Arson
60:38 Man-at-Arms
61:43 Sanctity
61:24 Devotion
61:50 Illumination
61:40 Block Printing
61:36 Fervor
61:21 Herbal Medicine
62:02 Theocracy
61:47 Heresy
61:41 Masonry
61:11 Treadmill Crane
62:33 Chemistry
61:18 Arrowslits
61:24 Guard Tower
61:44 Fortified Wall
61:29 Murder Holes
61:40 Siege Engineers
61:45 Careening
61:46 Clinker Construction
61:42 Siphons
61:58 Ballistics
61:01 Ordonnance Companies
63:14 Coinage
62:54 Padded Archer Armor
62:45 Fletching
62:21 Capped Ram
65:00 Hoardings
64:46 Conscription
63:52 Long Swordsman
65:01 Faith
65:14 Architecture
chu_yuen_ming
0:40 Loom
13:07 Feudal Age
17:39 Castle Age
16:37 Fletching
16:39 Double-Bit Axe
20:09 Wheelbarrow
25:24 Horse Collar
26:42 Heavy Plow
33:10 Bodkin Arrow
34:19 Svan Towers
37:02 Hand Cart
36:35 Town Watch
37:38 Fishing Lines
40:36 Imperial Age
39:01 Forging
38:57 Scale Barding Armor
40:24 Iron Casting
40:59 Gillnets
41:51 Crop Rotation
41:36 Bow Saw
41:33 Bracer
42:08 Devotion
42:47 Conscription
43:56 Chemistry
43:16 Ballistics
45:06 Blast Furnace
44:32 Chain Barding Armor
45:13 Bloodlines
45:04 Husbandry
45:53 Hoardings
45:33 Masonry
45:18 Treadmill Crane
45:46 Elite Monaspa
46:24 Gold Mining
47:42 Plate Barding Armor
47:47 Aznauri Cavalry
48:48 Architecture
50:27 Siege Engineers
54:47 Padded Archer Armor
54:47 Murder Holes
54:44 Guard Tower
54:42 Arrowslits
56:30 Parthian Tactics
55:29 Heavy Cavalry Archer
56:25 Stone Mining
q721372930
7:38 Loom
VicRoldanG
0:46 Loom
12:52 Feudal Age
13:19 Fishing Lines
13:29 Double-Bit Axe
13:31 Horse Collar
14:35 Wheelbarrow
15:32 Gold Mining
20:13 Castle Age
20:40 Stone Mining
21:52 Hand Cart
22:17 Bow Saw
22:00 Pikeman
23:04 Scale Mail Armor
24:30 Gold Shaft Mining
24:21 Gillnets
30:20 Chain Mail Armor
30:42 Forging
34:37 Imperial Age
34:13 Iron Casting
33:26 Arson
35:21 Halberdier
38:48 Capped Ram
39:34 Gambesons
40:35 Guilds
40:56 Coinage
40:52 Heavy Scorpion
41:56 Caravan
42:43 Furor Celtica
42:25 Siege Ram
43:04 Onager
45:16 Chemistry
44:37 Ballistics
44:41 Conscription
45:19 Heavy Plow
44:56 Siege Onager
46:33 Banking
45:57 Man-at-Arms
47:35 Stone Shaft Mining
48:11 Long Swordsman
53:23 Two-Handed Swordsman
62:06 Fortified Wall
62:02 Siege Engineers
66:02 Blast Furnace
tequilamockingbird
0:28 Loom
14:00 Feudal Age
15:47 Double-Bit Axe
16:36 Horse Collar
17:16 Stone Mining
22:47 Castle Age
21:27 Gold Mining
27:17 Heavy Plow
27:48 Scale Barding Armor
29:39 Bow Saw
29:33 Husbandry
31:32 Wheelbarrow
32:01 Bloodlines
31:55 Kamandaran
35:14 Forging
35:25 Chain Barding Armor
35:42 Light Cavalry
37:09 Hand Cart
37:47 Iron Casting
40:07 Imperial Age
38:25 Caravan
38:18 Fletching
38:57 Bodkin Arrow
41:00 Conscription
40:43 Elite War Elephant
42:20 Plate Barding Armor
42:35 Crop Rotation
43:10 Two-Man Saw
43:30 Blast Furnace
43:01 Crossbowman
43:47 Thumb Ring
43:55 Padded Archer Armor
46:53 Leather Archer Armor
48:02 Citadels
48:36 Ring Archer Armor
49:55 Hussar
53:50 Pikeman
54:31 Squires
Phoenix
5:56 Loom
13:45 Feudal Age
18:27 Castle Age
17:31 Double-Bit Axe
20:36 Wheelbarrow
21:59 Scale Barding Armor
21:36 Fishing Lines
23:42 Chain Barding Armor
26:24 Forging
26:14 Gillnets
26:48 Bow Saw
29:58 Town Watch
32:25 Husbandry
33:36 Iron Casting
38:08 Imperial Age
36:05 Hand Cart
38:39 Gold Mining
38:39 Stone Mining
38:15 Cavalier
39:35 Plate Barding Armor
40:01 Blast Furnace
39:45 Paladin
43:54 Caravan
47:35 Town Patrol
48:46 Light Cavalry
52:08 Chivalry
52:28 Conscription
Connection lost

Rejoining the realm…

Still unreachable

The connection could not be restored.

Session expired

The server has moved on; the page needs a fresh start.